 Dungeon Crawl Stone Soup version 0.29.0-13-gc9e81de378 (webtiles) character file.

Game seed: 10849943119210324108

41 KamiKatze the Covered (level 3, -6/23 HPs)
             Began as a Gargoyle Fighter on Sept 9, 2022.
             Mangled by a worm (7 damage)
             ... on level 1 of the Dungeon.
             The game lasted 00:05:25 (1070 turns).

KamiKatze the Covered (Gargoyle Fighter)            Turns: 1070, Time: 00:05:25

Health: -6/23      AC: 10    Str: 21    XL:     3   Next: 52%
Magic:  3/3        EV:  9    Int:  8    God:
Gold:   368        SH:  4    Dex:  9    Spells: 2/2 levels left

rFire   . . .      SeeInvis .   a - +0 war axe
rCold   . . .      Faith    .   c - +0 buckler
rNeg    + . .      Spirit   .   b - +0 scale mail
rPois   ∞          Reflect  .   (no helmet)
rElec   +          Harm     .   (no cloak)
rCorr   .          Rampage  .   (no gloves)
Will    .....                   (no boots)
Stlth   ..........              (no amulet)
HPRegen 0.07/turn               (no ring)
MPRegen 0.08/turn               (no ring)

@: no status effects
A: sickness immunity, AC +3, negative energy resistance 1, electricity
resistance, torment resistance 1, petrification resistance
a: no special abilities


You were on level 1 of the Dungeon.
You visited 1 branch of the dungeon, and saw 2 of its levels.

You collected 725 gold pieces.
You spent 357 gold pieces at shops.

Inventory:

Hand Weapons
 a - a +0 war axe (weapon)
Missiles
 h - 8 stones (quivered)
Armour
 b - a +0 scale mail (worn)
 c - a +0 buckler (worn)
Scrolls
 f - a scroll of magic mapping
 g - 2 scrolls of teleportation
 j - 2 scrolls of poison
Potions
 d - a potion of might
 e - 2 potions of flight
 i - 3 potions of curing
 k - 2 potions of heal wounds


   Skills:
 + Level 3.6 Fighting
 * Level 2.5 Axes
 + Level 3.6 Armour
 + Level 3.6 Shields


You had 2 spell levels left.
You didn't know any spells.
Your spell library contained the following spells:

 Spells                   Type           Power      Damage    Failure   Level
 Sting                    Tmut/Pois      0%         1d3       83%         1
 Poisonous Vapours        Pois/Air       0%         N/A       93%         2
 Corpse Rot               Necr/Pois/Air  0%         N/A       100%        4
 Olgreb's Toxic Radiance  Pois           0%         N/A       100%        4


Dungeon Overview and Level Annotations

Branches:
Dungeon (2/15)

Altars:

Shops:
D:1 *

Annotations:
D:2 1 runed translucent door, exclusion: door, Crazy Yiuf


Innate Abilities, Weirdness & Mutations

You are immune to sickness and miasma.
Your stone body is resilient. (AC +3)
You are immune to poison.
You resist negative energy. (rN+)
You are resistant to electric shocks. (rElec)
You are resistant to unholy torment.
You are immune to petrification.


Message History

You barely miss the hobgoblin.
The hobgoblin is severely wounded.
The gnoll throws a throwing net.
The throwing net misses you.
The hobgoblin hits you but does no damage. x2
The gnoll hits you but does no damage.
HP restored.
The gnoll hits you from afar with a +0 spear.
The gnoll hits you from afar with a +0 halberd.
The hobgoblin closely misses you. The worm bites you but does no damage.
You climb upwards.
There is a stone staircase leading down here.
Unknown command.
You hit the hobgoblin.
You kill the hobgoblin!
You slash the worm! The worm bites you but does no damage.
You hit the worm.
The worm is severely wounded.
You barely miss the worm.
The worm is severely wounded.
The worm bites you.
You are too injured to fight recklessly!
You are too injured to fight recklessly!
Unknown command.
You are too injured to fight recklessly!
You are too injured to fight recklessly!
You hit the worm.
The worm is severely wounded.
The worm bites you.
* * * LOW HITPOINT WARNING * * *
You barely miss the worm.
The worm is severely wounded.
The worm bites you!
* * * LOW HITPOINT WARNING * * *
You hit the worm.
The worm is almost dead.
The worm bites you but does no damage.
You barely miss the worm.
The worm is almost dead.
The worm bites you!
You die...

..............#...# #.##
.......#......#...############.##
########.......................##
....# #............#############
....# #............+...........#
....# #....##......##...#.#.##.#
########....##########...#......#
............##########...#.#.#..#
................@(.......#.#.#..#
....)....#.###..w######..#.#.#..#
########.#.####..######..#.#.####
.............##......)..........#
.......#.#.....∩...#######.#.##.#
..####.#.#......##...........##.#
..####.#.#..##..##.#######.####.#
..#....#....##.....# #...####.#
..#....##.#........## #........#


You could see a worm.

Vanquished Creatures
  3 ball pythons
  4 bats
  3 endoplasms (D:1)
  5 giant cockroaches
  5 goblins (D:1)
  6 hobgoblins
  5 quokkas
  A frilled lizard (D:1)
  2 rats (D:1)
34 creatures vanquished.

Notes
Turn   | Place    | Note
-------+----------+-------------------------------------------
     0 | D:1      | KamiKatze the Gargoyle Fighter began the quest for the Orb.
     0 | D:1      | Reached XP level 1. HP: 14/14 MP: 1/1
    24 | D:1      | Found Umorghaoph's General Store.
   135 | D:1      | Reached XP level 2. HP: 19/19 MP: 2/2
   361 | D:1      | Reached XP level 3. HP: 19/23 MP: 3/3
   819 | D:2      | Identified a scroll of acquirement
   819 | D:2      | Acquired 633 gold pieces
   875 | D:1      | Bought a scroll of magic mapping for 97 gold pieces
   875 | D:1      | Bought a scroll of teleportation for 39 gold pieces
   875 | D:1      | Bought a scroll of poison for 52 gold pieces
   875 | D:1      | Bought a potion of heal wounds for 65 gold pieces
   875 | D:1      | Bought a scroll of teleportation for 39 gold pieces
   875 | D:1      | Bought a potion of heal wounds for 65 gold pieces
  1024 | D:2      | Found a runed translucent door.
  1025 | D:2      | Noticed Crazy Yiuf
  1068 | D:1      | HP: 1/23 [worm (9)]
  1070 | D:1      | Mangled by a worm

Illustrated notes

Levels and vault maps discovered:
D:1:      dpeg_arrival_pits, layout_basic, serial_shops, nicolae_square_shop,
          chequers_garden, nrook_loot_triangle, grunt_decor_fettered
D:2:      layout_rooms, serial_curves, eino_curves_01, eino_curves_03,
          minmay_fountain_box, uniq_crazy_yiuf_cottage

Skill      XL: |  1 |
---------------+----+-----
Axes           | 2 |  2.5
Fighting       | |  3.6
Armour         | |  3.6
Shields        | |  3.6

Action                   || total
-------------------------++-------
Melee: War axe           ||    93
  Use: Scroll            ||     4
Armor: Scale mail        ||    47
Dodge: Dodged            ||    49
Block: Buckler           ||    19
